 Dungeon Crawl Stone Soup version 0.21-a0-417-g0adc95b (webtiles) character file.

2 hazymike the Caller (level 1, 0/9 HPs)
             Began as a Spriggan Summoner on Nov 3, 2017.
             Slain by a bat (1 damage)
             ... on level 1 of the Dungeon.
             The game lasted 00:03:36 (102 turns).

hazymike the Caller (Spriggan Summoner)              Turns: 102, Time: 00:03:37

Health: 0/9        AC:  2    Str:  4    XL:     1   Next: 25%
Magic:  3/5        EV: 18    Int: 16    God:
Gold:   9          SH:  0    Dex: 16    Spells: 4/5 levels left

rFire    . . .     SeeInvis +   (weapon restricted)
rCold    . . .     Gourm    .   (shield restricted)
rNeg     . . .     Faith    .   a - +0 robe
rPois    .         Spirit   .   (helmet restricted)
rElec    .         Reflect  .   (no cloak)
rCorr    .         Harm     .   (gloves unavailable)
MR       .....                  (boots unavailable)
Stlth    ++........             (no amulet)
HPRegen  0.03/turn              (no ring)
MPRegen  0.09/turn              (no ring)

@: very quick
A: unfitting armour, see invisible, herbivore 3, speed 3, slow metabolism 2
a: no special abilities


You were on level 1 of the Dungeon.
You were not hungry.

You visited 1 branch of the dungeon, and saw 1 of its levels.

You collected 9 gold pieces.

Inventory:

Armour
 a - a +0 robe (worn)
Jewellery
 g - a +5 amulet of reflection {unknown}
Scrolls
 e - a scroll of enchant weapon {unknown}
Potions
 d - 2 potions of curing {unknown}
Books
 b - a book of Callings

   Spells                             Type                      Level
   a - Summon Small Mammal            Summoning                    1
   b - Call Imp                       Summoning                    2
   c - Call Canine Familiar           Summoning                    3
   d - Summon Guardian Golem          Hexes/Summoning              3
   e - Summon Lightning Spire         Summoning/Air                4
   f - Summon Ice Beast               Ice/Summoning                4
Comestibles
 c - a bread ration
 f - 4 fruits


   Skills:
 - Level 3.0 Dodging
 - Level 3.0 Stealth
 + Level 2.8 Spellcasting
 + Level 3.3 Summonings


You had 4 spell levels left.
You knew the following spells:

 Your Spells              Type           Power        Failure   Level  Hunger
a - Summon Small Mammal   Summ           ##..         4%          1    #......


Dungeon Overview and Level Annotations

Branches:
Dungeon (1/15)

Altars:


Innate Abilities, Weirdness & Mutations

You are very small and have problems with some larger weapons.
You are too small for most types of armour.
You have supernaturally acute eyesight. (SInv)
You are a herbivore.
You cover ground extremely quickly.
You need consume almost no food.


Message History

You open the door.
Your quokka bites the leopard gecko.
There is an open door here.
The kobold closely misses something.
The leopard gecko bites you.
* * * LOW HITPOINT WARNING * * *
You completely miss the bat. The bat misses you.
Your quokka misses the leopard gecko. The leopard gecko closely misses you.
You closely miss the leopard gecko.
The leopard gecko is severely wounded.
The bat barely misses you.
Your quokka bites the leopard gecko but does no damage.
The leopard gecko closely misses your quokka.
You hit the leopard gecko but do no damage.
The leopard gecko is severely wounded.
The bat barely misses you.
Your quokka bites the leopard gecko.
The leopard gecko dies!
The bat barely misses you.
Your quokka closely misses the kobold.
The bat hits you.
You die...

#.....##.......#
#.....##.......#
#.....##.^.....#
#######8.......#
#<.......#
#8...r...# ..
##...K#'##....
#.............
#...@b....####
####......#
#......#
.......#
#########


You could see a bat, a kobold and a friendly quokka.

Vanquished Creatures (collateral kills)
  A leopard gecko (D:1)
  A kobold (D:1)
2 creatures vanquished.

Notes
Turn   | Place    | Note
-------+----------+-------------------------------------------
     0 | D:1      | hazymike the Spriggan Summoner began the quest for the Orb.
     0 | D:1      | Reached XP level 1. HP: 9/9 MP: 5/5
   102 | D:1      | Slain by a bat

Vault maps used:
D:1:      mrwooster_arrival_statue

Action                   || total
-------------------------++-------
Melee: Unarmed           ||    11
 Cast: Summon Small Mamm ||     7
Dodge: Dodged            ||    13

Table legend:
 A = Spawn XP
 B = Non-spawn XP
 C = Spawn XP percentage of total XP
 D = Spawn monster count
 E = Non-spawn monster count
 F = Spawn count percentage of total count
 G = Total turns spent on level
                    A         B        C        D         E        F      G
               +---------+---------+-------+---------+---------+-------+---------
         Total |       0 |       3 |   0.0 |       0 |       2 |   0.0 |   102
               +---------+---------+-------+---------+---------+-------+---------
           D:1 |       0 |       3 |   0.0 |       0 |       2 |   0.0 |   102
               +---------+---------+-------+---------+---------+-------+---------
